 Dungeon Crawl Stone Soup version 0.22.1-1-ga44c0e5 (webtiles) character file.

84 Lavandula the Chopper (level 4, -1/38 HPs)
             Began as a Centaur Berserker on Nov 8, 2018.
             Was a Believer of Trog.
             Slain by an adder (2 damage)
             ... on level 2 of the Dungeon.
             The game lasted 00:01:49 (295 turns).

Lavandula the Chopper (Centaur Berserker)            Turns: 295, Time: 00:01:50

Health: -1/38      AC:  5    Str: 21    XL:     4   Next: 23%
Magic:  4/4        EV:  9    Int:  6    God:    Trog [**....]
Gold:   28         SH:  0    Dex:  8    Spells: 3/3 levels left

rFire    . . .     SeeInvis .   a - +0 hand axe
rCold    . . .     Gourm    .   (no shield)
rNeg     . . .     Faith    .   e - +0 ring mail
rPois    .         Spirit   .   (no helmet)
rElec    .         Reflect  .   (no cloak)
rCorr    .         Harm     .   (no gloves)
MR       ++...                  (no barding)
Stlth    ..........             (no amulet)
HPRegen  1.12/turn              (no ring)
MPRegen  0.09/turn              (no ring)

@: lethally poisoned (-1 -> -1), berserk cooldown, regenerating, very quick
A: large, hooves 3, deformed body, speed 2, tough skin 3
a: Berserk, Trog's Hand, Renounce Religion


You were on level 2 of the Dungeon.
You worshipped Trog.
Trog was pleased with you.
You were not hungry.

You visited 1 branch of the dungeon, and saw 2 of its levels.

You collected 28 gold pieces.

Inventory:

Hand Weapons
 a - a +0 hand axe (weapon)
Armour
 b - a +0 animal skin
 e - a +0 ring mail (worn)
 k - a +0 buckler
Scrolls
 d - a scroll of teleportation {unknown}
 g - 2 scrolls of identify {unknown}
 h - a scroll of remove curse {unknown}
 i - a scroll of blinking {unknown}
Comestibles
 c - 4 rations


   Skills:
 - Level 3.0 Fighting
 + Level 4.6 Axes
 - Level 1.3 Armour
 - Level 1.3 Dodging


You had 3 spell levels left.
You didn't know any spells.
Your spell library was empty.

Dungeon Overview and Level Annotations

Branches:
Dungeon (2/15)

Altars:


Innate Abilities, Weirdness & Mutations

You have hooves in place of feet.
Armour fits poorly on your strangely shaped body.
You cover ground very quickly.
You have extremely tough skin. (AC +3)


Message History

You feel a little less clever now.
* * * LOW HITPOINT WARNING * * *
You feel sick. The adder bites you but does no damage.
Unknown command.
You hit the adder but do no damage. Your kick misses the adder.
The adder is heavily wounded.
* * * LOW HITPOINT WARNING * * *
You feel sick. The adder bites you.
* * * LOW HITPOINT WARNING * * *
You are more poisoned.
The adder poisons you!
Your skin crawls.
You feel resistant to hostile enchantments.
You feel somewhat more hungry.
You feel sick. The adder closely misses you.
The adder bites you but does no damage.
Unknown command.
You barely miss the adder.
The adder is heavily wounded.
You feel sick. The adder bites you.
You die...

.......#...#
.......#S..# ###
$......#...#...#
.........†......
####
...............#
...#
.......)###....#
[..## #######...#
...# ....#
###########S# ###
....# #.........@.#
.<..# #...........#
....###...........#
................(.#
....##............#
...###.#..)......##
.......#.........#
.#######.........#
.######...#...[..#


You could see an adder.

Vanquished Creatures
  Jessica (D:2)
  An adder (D:2)
  An ooze (D:1)
  3 worms (D:2)
  A dart slug (D:2)
  2 giant cockroaches
  4 goblins (D:1)
  2 hobgoblins
  6 jackals
  A quokka (D:2)
  5 bats
  A frilled lizard (D:1)
  3 rats
31 creatures vanquished.

Notes
Turn   | Place    | Note
-------+----------+-------------------------------------------
     0 | D:1      | Lavandula the Centaur Berserker began the quest for the
                  | Orb.
     0 | D:1      | Reached XP level 1. HP: 19/19 MP: 1/1
    62 | D:1      | Reached skill level 3 in Axes
    80 | D:1      | Reached XP level 2. HP: 16/26 MP: 2/2
   212 | D:2      | Reached XP level 3. HP: 18/31 MP: 3/3
   257 | D:2      | Reached skill level 4 in Axes
   265 | D:2      | Reached ** piety under Trog
   268 | D:2      | Noticed Jessica
   270 | D:2      | Killed Jessica
   270 | D:2      | Reached XP level 4. HP: 24/38 MP: 4/4
   293 | D:2      | HP: 1/38 [adder (2)]
   295 | D:2      | Slain by an adder

Skill      XL: |  1  2  3 |
---------------+----------+-----
Axes           | 3 4 |  4.6
Fighting       | |  3.0
Armour         | |  1.3
Dodging        | |  1.3

Action                   |  1- 3 |  4- 6 || total
-------------------------+-------+-------++-------
Melee: Hand axe          |    64 |    12 ||    76
       Kick              |    14 |     2 ||    16
Invok: Berserk           |     2 |       ||     2
       Trog's Hand       |       |     1 ||     1
  Use: Potion            |       |     2 ||     2
Armor: Animal skin       |    10 |       ||    10
       Ring mail         |    17 |    10 ||    27
Dodge: Dodged            |    30 |     7 ||    37
